Map: Golden Wall LE

Players

prospeKt - Winner!

  • Race: Zerg Zerg
  • League: Platinum
  • Spawn Location: 5:00

StormFall

  • Race: Terran Terran
  • League: Gold
  • Spawn Location: 7:00

VOD

Have the link to the VOD?

Description

Time

  • Played on: June 2, 2020, 4:04 p.m.
  • Length: 15:45
Show
View Real Time Build Order
Export as new Build Order

prospeKt Zerg - Winner!

Build Orders: Hatch First 

Get SALT Encoding   

  12  0:00  Drone  
  13  0:12  Overlord  
  13  0:18  Drone  
  14  0:30  Drone x2  
  16  0:39  Drone  
  18  0:57  Hatchery, Drone  
  18  1:00  Drone  
  18  1:14  Spawning Pool  
  18  1:16  Drone  
  18  1:25  Drone  
  19  1:27  Extractor  
  19  1:30  Drone  
  19  1:39  Drone  
  20  1:53  Overlord  
  20  2:02  Drone  
  21  2:10  Queen x2, Drone  
  21  2:12  Drone  
  27  2:23  Drone x2  
  29  2:33  Drone x2  
  31  2:42  Overlord  
  31  2:44  Drone  
  32  2:54  Queen  
  32  2:56  Lair  
  32  2:58  Overlord, Drone  
  35  3:08  Drone x2  
  37  3:15  Drone x2  
  39  3:23  Roach Warren  
  39  3:25  Drone x3  
  39  3:26  Evolution Chamber  
  40  3:27  Drone x2  
  40  3:28  Drone x2  
  40  3:30  Drone  
  45  3:38  Overlord  
  45  3:41  Drone  
  46  3:53  Drone x2  
  48  4:05  Roach, Extractor  
  48  4:06  Roach x2  
  48  4:07  Roach x2, Extractor  
  48  4:09  Overlord  
  56  4:12  Roach  
  56  4:13  Hatchery  
  56  4:14  Roach  
  56  4:16  Drone  
  60  4:27  Glial Reconstitution  
  60  4:43  Drone  
  60  4:44  Drone x7  
  68  4:57  Overlord  
  68  4:59  Overlord x2  
  68  5:03  Zerg Missile Weapons Level 1  
  68  5:15  Overlord  
  68  5:16  Drone  
  69  5:34  Drone x3  
  69  5:35  Drone x6  
  78  5:37  Drone  
  78  5:42  Extractor  
  78  5:44  Extractor  
  78  5:47  Roach  
  79  5:52  Drone x3  
  79  5:53  Drone x2  
  84  6:07  Overlord x2  
  84  6:08  Drone  
  84  6:09  Drone x3  
  88  6:17  Hydralisk Den  
  87  6:19  Evolution Chamber  
  86  6:26  Drone x2  
  86  6:27  Drone x6  
  94  6:43  Hatchery  
  93  6:49  Hatchery, Drone  
  93  6:50  Drone x6  
  99  6:56  Overseer  
  99  7:02  Muscular Augments  
  99  7:04  Zerg Ground Armor Level 1  
  99  7:16  Spore Crawler  
  99  7:17  Spore Crawler  
  99  7:22  Hydralisk x4  
  97  7:23  Hydralisk x4  
  97  7:24  Overlord x4  
  113  7:37  Drone  
  114  7:45  Extractor  
  114  7:46  Extractor  
  114  7:51  Hydralisk x9  
  130  8:04  Hydralisk x10  
  142  8:22  Roach Warren  
  142  8:23  Hydralisk x6  
  142  8:24  Hydralisk x2  
  135  8:34  Hydralisk x6  
  135  8:41  Hydralisk x2  
  143  8:57  Drone  
  143  8:58  Drone x6  
  150  9:04  Hatchery  
  149  9:23  Hydralisk  
  151  9:25  Overlord x4  
  151  9:38  Zerg Missile Weapons Level 2  
  151  9:40  Hatchery  
  151  9:43  Infestation Pit, Hatchery  
  148  9:45  Extractor  
  148  9:46  Drone x6  
  148  9:50  Grooved Spines  
  153  9:57  Drone x3  
  153  9:58  Evolution Chamber  
  160  10:03  Drone  
  160  10:04  Hydralisk  
  160  10:05  Hydralisk x10  
  178  10:10  Overlord  
  178  10:24  Hydralisk x6  
  190  10:31  Hive  
  190  10:42  Hatchery  
  189  10:53  Hatchery  
  188  11:01  Hydralisk x6  
  200  11:11  Hatchery  
  199  11:26  Drone  
  192  12:23  Hydralisk x3  
  198  12:35  Hydralisk  
  188  13:20  Spawning Pool  
  188  13:23  Evolution Chamber, Hydralisk Den, Drone x5  
  188  13:25  Drone x2  
  188  13:26  Evolution Chamber, Drone x5  
  197  13:27  Drone x2  
  197  13:37  Extractor x2  
  175  14:10  Spine Crawler  
  175  14:11  Spine Crawler  
  175  14:12  Spine Crawler  
  175  14:13  Spine Crawler x4  
  175  14:14  Drone x10  
  175  14:15  Spine Crawler  
  175  14:42  Overlord x2  
  175  14:43  Overlord x3  
  169  15:04  Drone x10  
  169  15:05  Drone x5  
  184  15:17  Extractor  
  184  15:18  Extractor  
  181  15:29  Hatchery  
Show
View Real Time Build Order
Export as new Build Order

StormFall Terran 

Build Orders:  

Get SALT Encoding   

  12  0:01  SCV  
  13  0:16  Supply Depot  
  13  0:18  SCV  
  14  0:34  SCV  
  15  0:40  Barracks  
  15  0:47  SCV, Supply Depot  
  16  1:02  SCV  
  17  1:11  Barracks  
  17  1:14  SCV  
  18  1:32  Engineering Bay  
  18  1:35  Refinery  
  18  1:38  Marine  
  18  1:39  Refinery  
  19  1:45  SCV  
  20  1:56  Marine  
  20  1:57  SCV  
  22  2:09  SCV, Barracks  
  22  2:10  Marine  
  22  2:14  Marine  
  25  2:21  SCV  
  26  2:28  Marine  
  27  2:32  Marine  
  27  2:35  Orbital Command  
  28  2:41  Factory  
  28  2:48  Marine  
  28  2:49  Marine  
  30  3:04  SCV  
  31  3:08  Barracks Tech Lab  
  31  3:12  Barracks Reactor  
  31  3:20  Supply Depot  
  31  3:31  Command Center  
  31  3:41  SCV, Siege Tank  
  31  3:43  Barracks Tech Lab  
  31  3:44  Marine  
  31  3:48  Marine x2  
  38  3:58  Supply Depot  
  38  4:05  Missile Turret  
  38  4:26  Missile Turret  
  38  4:35  Supply Depot  
  38  4:42  Siege Tank  
  38  4:43  Stimpack  
  41  4:52  Marine x2  
  42  4:53  Marine  
  42  4:55  Marauder  
  42  4:57  Supply Depot  
  46  5:06  Starport  
  46  5:20  Supply Depot  
  46  5:33  SCV  
  47  5:45  SCV  
  48  5:50  Marine x3  
  48  5:51  Marine  
  52  5:57  SCV  
  53  6:08  Marine x4  
  53  6:09  SCV  
  58  6:16  Viking  
  58  6:17  Supply Depot  
  60  6:21  SCV  
  61  6:33  SCV, Marine x2  
  61  6:34  Marauder  
  61  6:35  Siege Tank  
  61  6:39  Barracks Reactor  
  69  6:40  Supply Depot  
  69  6:45  SCV  
  69  6:46  Viking  
  72  6:58  SCV  
  73  7:30  SCV  
  74  7:42  SCV  
  75  7:54  SCV  
  76  8:07  SCV  
  77  8:19  SCV  
  59  8:41  Siege Tank  
  43  8:43  Marine x3  
  43  8:44  Marine x2  
  45  8:56  Liberator  
  45  9:01  Marine x5  
  45  9:02  Supply Depot  
  53  9:13  Command Center, Siege Tank  
  53  9:16  Barracks  
  56  9:17  Terran Infantry Armor Level 1  
  56  9:19  Marine x5, Barracks  
  56  9:22  Engineering Bay  
  56  9:23  Armory  
  61  9:37  Marine  
  62  9:45  Starport Reactor  
  62  9:47  Marine  
  62  9:48  Marine x2  
  62  9:49  Marine  
  66  9:54  Terran Infantry Weapons Level 1, Marine  
  66  9:56  Siege Tank  
  70  10:01  Supply Depot  
  70  10:05  Barracks Reactor  
  70  10:07  Marine  
  70  10:08  Supply Depot  
  70  10:09  Barracks Reactor  
  70  10:11  Barracks  
  71  10:19  Refinery  
  71  10:21  Bunker  
  71  10:22  Refinery  
  71  10:28  Siege Tank  
  74  10:33  Planetary Fortress  
  74  10:40  SCV  
  75  10:52  SCV, Terran Vehicle Weapons Level 1  
  75  10:53  Armory  
  76  10:57  Supply Depot  
  76  10:59  Marine  
  76  11:00  Marine x5  
  76  11:01  Marine x2  
  76  11:02  Siege Tank  
  76  11:03  Supply Depot, Marauder  
  89  11:04  SCV  
  89  11:05  Barracks Reactor  
  89  11:06  Liberator  
  93  11:16  SCV  
  94  11:23  Marine x2  
  94  11:24  Marauder, Marine x5  
  94  11:25  Marine  
  104  11:28  SCV  
  105  11:34  Siege Tank  
  105  11:35  SCV, Supply Depot  
  109  11:40  SCV  
  109  11:43  Refinery  
  109  11:46  Marauder  
  112  11:47  SCV  
  115  12:19  Siege Tank  
  101  12:32  Orbital Command  
  64  13:38  Orbital Command  
Tags
 
Add a new tag
Caveats
  • Supply blocks, unpowered buildings, or Contaminate may cause inaccurate times.
  • Supply counts are checked every 10 seconds.